 Dungeon Crawl Stone Soup version 0.29-a0-1047-g7c58e119a4 (webtiles) character file.

Game seed: 15557156695660649690

1323 Tocho the Carver (level 8, -4/56 HPs)
             Began as a Demonspawn Gladiator on Aug 16, 2022.
             Was an Initiate of Makhleb.
             Slain by an ogre
             ... wielding a +0 giant club
              (25 damage)
             ... on level 5 of the Dungeon.
             The game lasted 00:21:01 (7884 turns).

Tocho the Carver (Demonspawn Gladiator)             Turns: 7884, Time: 00:21:01

Health: -4/56      AC:  3    Str: 16    XL:     8   Next: 33%
Magic:  8/8        EV: 12    Int:  9    God:    Makhleb [......]
Gold:   43         SH:  0    Dex: 16    Spells: 7/7 levels left

rFire   . . .      SeeInvis .   a - +0 long sword
rCold   . . .      Faith    .   (no shield)
rNeg    . . .      Spirit   .   b - +0 leather armour
rPois   .          Reflect  .   (helmet restricted)
rElec   .          Harm     .   (no cloak)
rCorr   .          Rampage  .   (no gloves)
Will    +....                   (no boots)
Stlth   +.........              (no amulet)
HPRegen 0.18/turn               h - ring of willpower
MPRegen 0.11/turn               (no ring)

@: no status effects
A: horns 2, demonic guardian 2
a: Renounce Religion


You were on level 5 of the Dungeon.
You worshipped Makhleb.
Makhleb was noncommittal.
You visited 2 branches of the dungeon, and saw 6 of its levels.

You collected 175 gold pieces.
You spent 132 gold pieces at shops.

Inventory:

Hand Weapons
 a - a +0 long sword (weapon)
Missiles
 e - 3 javelins (quivered)
 s - 2 poisoned darts
Armour
 b - a +0 leather armour (worn)
 c - a +0 helmet
 q - a +2 helmet
 u - a +1 cloak
Jewellery
 h - a ring of willpower (left hand)
Wands
 d - a wand of quicksilver (4)
 n - a wand of mindburst (18)
Scrolls
 f - 3 scrolls of teleportation
 j - 2 scrolls of fear {unknown}
 m - 4 scrolls of identify {unknown}
 r - 3 scrolls of butterflies {unknown}
 t - a scroll of acquirement {unknown}
 v - a scroll of noise {unknown}
Potions
 g - 8 potions of curing
 i - a potion of mutation {unknown}
 k - a potion of degeneration {unknown}
 l - 2 potions of attraction {unknown}
 o - a potion of might {unknown}
 p - 5 potions of heal wounds
 w - a potion of flight {unknown}
 x - a potion of haste {unknown}


   Skills:
 - Level 2.0 Fighting
 + Level 9.8 Long Blades
 - Level 1.7 Throwing
 - Level 2.6 Dodging


You had 7 spell levels left.
You didn't know any spells.
Your spell library contained the following spells:

 Spells                   Type           Power      Damage    Failure   Level
 Beastly Appendage        Tmut           0%         N/A       45%         1
 Wereblood                Tmut           0%         N/A       58%         2
 Gell's Gravitas          Tloc           0%         N/A       83%         3
 Lesser Beckoning         Tloc           0%         N/A       83%         3
 Spider Form              Tmut/Pois      0%         N/A       83%         3
 Teleport Other           Tloc           0%         N/A       83%         3


Dungeon Overview and Level Annotations

Branches:
Dungeon (5/15)             Temple (1/1) D:4

Altars:
Ashenzari
Cheibriados
Dithmenos
Fedhas
Gozag
Hepliaklqana
Kikubaaqudgha
Makhleb
Okawaru
Qazlal
Ru
Trog
Uskayaw
Vehumet
Wu Jian
Xom
Yredelemnul

Shops:
D:1 *   D:4 *


Innate Abilities, Weirdness & Mutations

You have a pair of horns on your head.
A demonic guardian rushes to your aid.


Message History

The necrophage is heavily damaged.
The necrophage hits you.
You feel drained.
You slash the necrophage! You headbutt the necrophage.
You destroy the necrophage!
Makhleb accepts your kill.
Your life force feels restored.
No reachable target in view!
No reachable target in view!
An orc and an ogre come into view.
A gnoll comes into view. It is wielding a +0 whip.
A gnoll comes into view. It is wielding a +0 halberd.
The gnoll shouts! x2; You hear a shout!
You hit the orc.
The orc is lightly wounded.
The orc closely misses you.
You hit the orc. You headbutt the orc.
The orc is almost dead.
The orc closely misses you.
You completely miss the orc.
The orc is almost dead.
The orc hits you with a +0 club.
You barely miss the orc.
The orc is almost dead.
The orc hits you but does no damage.
You hit the orc.
You kill the orc!
Makhleb accepts your kill.
You hit the ogre.
The ogre is moderately wounded.
The ogre hits you with a +0 giant club!!
Ouch! That really hurt!
A demonic guardian appears!
The gnoll barely misses you.
You hit the ogre.
The ogre is heavily wounded.
The gnoll barely misses you.
The gnoll hits you from afar with a +0 halberd.
You hit the ogre.
The ogre is severely wounded.
The ogre hits you with a +0 giant club!!
You die...

...............######.....#
#.........#....##.........#
.........##....##.#.......#
........######............#
........# ##...#.......##
......... ......#.........#
........ ####..#...<....>#
...... #.g4#.........#
##.#.. #.#@#.........#
###.#O#.........#
#...g...........#
..g..###...>......#
.....##...........#
......O...........######
.g....##................ #
##.# #.........####### #.
##[..............


You could see an ogre (ally target), 2 gnolls and a friendly rust devil
(summoned).

Vanquished Creatures
  Grinder (D:5)
  Sigmund (D:3)
  An ogre (D:3)
  A bullfrog (D:4)
  A necrophage (D:5)
  A scorpion (D:4)
  A howler monkey (D:4)
  3 hounds
  Crazy Yiuf (D:4)
  An iguana (D:4)
  Terence (D:3)
  Natasha (twice) (D:4)
  3 gnolls
  7 adders
  An ufetubus (D:5)
  3 dart slugs
  5 orcs
  6 ball pythons
  5 bats
  8 endoplasms
  2 giant cockroaches
  15 goblins
  7 hobgoblins
  3 jackals (D:5)
  6 kobolds
  3 quokkas
  5 rats
94 creatures vanquished.

Vanquished Creatures (collateral kills)
  A black bear (D:3)
  A centaur (D:5)
  Natasha (D:4)
  Robin (D:2)
  A gnoll (D:5)
  An adder (D:5)
  2 river rats (D:3)
  A dart slug (D:3)
  A bat (D:3)
  3 goblins (D:2)
  2 hobgoblins (D:2)
  A quokka (D:2)
  A ball python (D:3)
  A rat (D:3)
18 creatures vanquished.

Vanquished Creatures (others)
  A fungus (D:4)
  5 plants (D:2)
6 creatures vanquished.

Grand Total: 118 creatures vanquished

Notes
Turn   | Place    | Note
-------+----------+-------------------------------------------
     0 | D:1      | Tocho the Demonspawn Gladiator began the quest for the Orb.
     0 | D:1      | Reached XP level 1. HP: 16/16 MP: 1/1
    32 | D:1      | Found a faded altar of an unknown god.
   125 | D:1      | Reached skill level 3 in Long Blades
   128 | D:1      | Found Tepsesmu's General Store.
   453 | D:1      | Gained mutation: A weak demonic guardian rushes to your
                  | aid. [demonic ancestry]
   453 | D:1      | Reached XP level 2. HP: 21/22 MP: 2/2
   686 | D:2      | Noticed Robin
   720 | D:2      | Gained mutation: A demonic guardian rushes to your aid.
                  | [demonic ancestry]
   720 | D:2      | Reached XP level 3. HP: 10/27 MP: 3/3
   724 | D:2      | Killed Robin
   725 | D:2      | Reached skill level 4 in Long Blades
  1194 | D:2      | Found a sacrificial altar of Ru.
  1626 | D:2      | Gained mutation: You have a pair of small horns on your
                  | head. [demonic ancestry]
  1626 | D:2      | Reached XP level 4. HP: 22/33 MP: 4/4
  2547 | D:3      | Found a glowing drain.
  2570 | D:3      | Reached skill level 5 in Long Blades
  2676 | D:3      | Noticed Sigmund
  2681 | D:3      | Noticed Terence
  3061 | D:3      | Reached XP level 5. HP: 28/38 MP: 5/5
  3260 | D:3      | Noticed an ogre
  3285 | D:3      | Killed Sigmund
  3286 | D:3      | Reached skill level 6 in Long Blades
  3286 | D:3      | Reached XP level 6. HP: 23/44 MP: 6/6
  3469 | D:3      | Killed Terence
  4109 | D:3      | Reached skill level 7 in Long Blades
  4117 | D:3      | Reached XP level 7. HP: 5/50 MP: 7/7
  4697 | D:4      | Found a staircase to the Ecumenical Temple.
  4721 | D:4      | Found Ojaf's Assorted Antiques.
  4737 | Temple   | Entered the Ecumenical Temple
  5213 | Temple   | Became a worshipper of Makhleb the Destroyer
  5403 | D:4      | Noticed Natasha
  5417 | D:4      | Killed Natasha
  5568 | D:4      | Noticed Natasha
  5584 | D:4      | Killed Natasha
  5663 | D:4      | Reached skill level 8 in Long Blades
  5935 | D:4      | Noticed Natasha
  5938 | D:4      | Killed Natasha
  6271 | D:4      | Found a runed translucent door.
  6274 | D:4      | Noticed Crazy Yiuf
  6295 | D:4      | Killed Crazy Yiuf
  6512 | D:1      | Bought 2 potions of curing for 72 gold pieces
  6512 | D:1      | Bought a potion of heal wounds for 60 gold pieces
  6572 | D:5      | Entered Level 5 of the Dungeon
  7420 | D:5      | Noticed Grinder
  7441 | D:5      | Killed Grinder
  7442 | D:5      | Reached skill level 9 in Long Blades
  7442 | D:5      | Gained mutation: You have a pair of horns on your head.
                  | [demonic ancestry]
  7442 | D:5      | Reached XP level 8. HP: 41/56 MP: 8/8
  7884 | D:5      | Slain by an ogre

Illustrated notes

Levels and vault maps discovered:
D:1:      minmay_arrival_glassed_features, layout_basic, serial_shops,
          nicolae_shop_crystal, hellmonk_ecumenical_altar_pennies_from_heaven,
          minmay_splitting_lines, minmay_misc_feat_pillars
D:2:      layout_loops_ring, basic_altar, serial_bayou_ford_a, uniq_robin
D:3:      layout_loops_ring, portal_sewer_entry_a, uniq_terence, uniq_sigmund
D:4:      layout_rooms, minmay_temple_entry_gardened_gates, serial_shops,
          nicolae_shop_hallway_plus, minmay_pentomino_pile,
          uniq_crazy_yiuf_cottage, uniq_natasha
D:5:      layout_rooms, gammafunk_ghost_gnarly_gnolls, serial_park_tiny_1,
          hangedman_decor_push, uniq_grinder
Temple:   compressed_dpeg_triangle_lava_temple

Skill      XL: |  1  2  3  4  5  6  7 |
---------------+----------------------+-----
Long Blades    | 3 4 5 6 7 9 |  9.8
Fighting       | |  2.0
Throwing       | |  1.7
Dodging        | |  2.6

Action                   |  1- 3 |  4- 6 |  7- 9 || total
-------------------------+-------+-------+-------++-------
Melee: Long sword        |    79 |   113 |   138 ||   330
       Headbutt          |       |    20 |    31 ||    51
       Punch             |       |     4 |     3 ||     7
Throw: Throwing net      |       |     8 |       ||     8
       Javelin           |       |     1 |     3 ||     4
  Use: Scroll            |       |     1 |       ||     1
 Stab: Held in net/web   |       |     3 |       ||     3
Armor: Leather armour    |    27 |    27 |    20 ||    74
Dodge: Dodged            |    51 |    79 |    73 ||   203

Table legend: (Time is in decaauts)
 A = Elapsed time spent in this place.
 B = Non-inter-level travel time spent in this place.
 C = Inter-level travel time spent in this place.
 D = Time resting spent in this place.
 E = Time spent auto-exploring this place.
 F = Levels seen in this place.
 G = Mean time per level.
                   A        B        C        D        E       F      G
               +--------+--------+--------+--------+--------+-----+--------+
         Total |   7929 |   7264 |    665 |   1396 |   4809 |   6 | 1321.5 |
       Dungeon |   7434 |   6819 |    615 |   1396 |   4396 |   5 | 1486.8 |
        Temple |    495 |    445 |     50 |      0 |    413 |   1 |  495.0 |
               +--------+--------+--------+--------+--------+-----+--------+

Top non-repeatable levels by time:
     D:3: 2399 daAuts
     D:4: 1834 daAuts
     D:2: 1534 daAuts
     D:5: 913 daAuts
     D:1: 752 daAuts
  Temple: 495 daAuts
